 Dungeon Crawl Stone Soup version 0.30-a0-696-g2367cd04db (webtiles) character file.

Game seed: 11383034973041305892

1416 ICEMaiden the Digger (level 8, -1/46 HPs)
             Began as a Gargoyle Earth Elementalist on Jan 20, 2023.
             Was an Initiate of Vehumet.
             Killed from afar by a steam dragon (20 damage)
             ... with a ball of steam
             ... on level 6 of the Dungeon.
             The game lasted 00:24:07 (5758 turns).

ICEMaiden the Digger (Gargoyle Earth Elementalist)  Turns: 5758, Time: 00:24:08

Health: -1/46      AC: 11    Str: 22    XL:     8   Next: 71%
Magic:  8/12       EV: 11    Int: 17    God:    Vehumet [......]
Gold:   83         SH:  0    Dex:  9    Spells: 7/12 levels left

rFire   . . .      SeeInvis .    t - staff of earth
rCold   + . .      Faith    .    (no shield)
rNeg    + . .      Spirit   .    q - +0 ring mail of the Ward {+Blink +Inv}
rPois   ∞          Reflect  .    (helmet restricted)
rElec   +          Harm     .    (no cloak)
rCorr   .          Rampage  .    (no gloves)
Will    +....                    (no boots)
Stlth   +                        (no amulet)
HPRegen 0.27/turn                h - ring of willpower
MPRegen 0.13/turn                g - +6 ring of strength

@: no status effects
A: sickness immunity, AC +5, negative energy resistance 1, electricity
resistance, torment resistance 1, petrification resistance, antennae 1, cold
resistance 1, strong 1
a: Renounce Religion, Evoke Blink, Evoke Invisibility


You were on level 6 of the Dungeon.
You worshipped Vehumet.
Vehumet was noncommittal.
You visited 2 branches of the dungeon, and saw 8 of its levels.

You collected 265 gold pieces.
You spent 182 gold pieces at shops.

Inventory:

Missiles
 o - 3 silver javelins
Armour
 n - an orb of energy
 q - the +0 ring mail of the Ward (worn) {+Blink +Inv}
   (You took it off an orc on level 3 of the Dungeon)

   +Inv:      It lets you turn invisible.
   +Blink:    It lets you blink.
Magical Staves
 t - a staff of earth (weapon)
Jewellery
 g - a +6 ring of strength (right hand)
 h - a ring of willpower (left hand)
 l - a ring of fire
 r - a ring of willpower
 u - a +6 ring of dexterity
 v - a ring of ice
 y - a ring of fire
Scrolls
 c - 2 scrolls of enchant weapon {unknown}
 e - a scroll of amnesia
 f - 5 scrolls of fog
 i - 2 scrolls of enchant armour {unknown}
 j - a scroll of fear {unknown}
 k - 2 scrolls of identify
 s - 2 scrolls of magic mapping {unknown}
 w - 3 scrolls of teleportation {unknown}
 x - a scroll of immolation {unknown}
 A - 2 scrolls of vulnerability {unknown}
Potions
 a - a potion of flight
 b - a potion of magic
 m - 3 potions of heal wounds
 p - 2 potions of curing
 z - 2 potions of lignification


   Skills:
 * Level 3.3 Fighting
 * Level 2.7 Armour
 * Level 3.1 Dodging
 + Level 3.2 Stealth
 + Level 2.6 Spellcasting
 * Level 3.3 Conjurations
 * Level 2.6 Summonings
 + Level 1.8 Transmutations
 * Level 2.9 Ice Magic
 * Level 2.3 Air Magic
 * Level 5.3 Earth Magic
 * Level 2.7 Poison Magic
 + Level 1.2 Evocations


You had 7 spell levels left.
You knew the following spells:

 Your Spells              Type           Power      Damage    Failure   Level
a - Sandblast             Erth           60%        2d14      3%          1
q - Call Imp              Summ           11%        N/A       14%         2
z - Passwall              Tmut/Erth      17%        N/A       10%         2

Your spell library contained the following spells:

 Spells                   Type           Power      Damage    Failure   Level
 Magic Dart               Conj           52%        1d5       8%          1
 Kiss of Death            Conj/Necr      28%        2d7       14%         1
 Stone Arrow              Conj/Erth      50%        3d10      14%         3
 Mephitic Cloud           Conj/Pois/Air  11%        N/A       26%         3
 Vhi's Electric Charge    Tloc/Air       12%        N/A       47%         3
 Petrify                  Tmut/Erth      21%        N/A       54%         4
 Confusing Touch          Hex            2%         N/A       65%         3
 Arcjolt                  Conj/Air       5%         1d15      94%         5
 Dispel Undead            Necr           2%         3d7       96%         4
 Maxwell's Capacitive Co  Air            5%         ∞         100%        8


Dungeon Overview and Level Annotations

Branches:
Dungeon (7/15)             Temple (1/1) D:6

Altars:
Ashenzari
Cheibriados
Elyvilon
Makhleb
Okawaru
Qazlal
Ru
Sif Muna
Trog
Vehumet
Wu Jian
Xom
Zin
The Shining One

Shops:
D:4 *   D:5 !


Innate Abilities, Weirdness & Mutations

You are immune to sickness and miasma.
Your stone body is resilient. (AC +5)
You are immune to poison.
You resist negative energy. (rN+)
You are resistant to electric shocks. (rElec)
You are resistant to unholy torment.
You are immune to petrification.
You have a pair of small antennae on your head.
Your flesh is cold resistant. (rC+)
Your muscles are strong. (Str +4, Int/Dex -1)


Message History

You feel a surge of power!
The blast of sand hits the centaur!!
You kill the centaur!
Vehumet accepts your kill.
This spell is dangerous to cast!
Memorise Stone Arrow, consuming 3 spell levels and leaving 4?
You start memorising the spell.
You continue memorising. x3
The steam dragon breathes steam at you.
Your memorisation is interrupted.
The ball of steam hits you!!
You hear an angry hiss.
The adder hisses angrily.
The steam dragon bites you but does no damage.
The steam dragon claws you.
Aiming: Sandblast (safe; 3% risk of failure)
Press: ? - help, Q - select action, (/) - cycle Shift-Dir - straight line, f - steam dragon
Aim: a steam dragon (84% to hit)
You feel a surge of power!
The blast of sand hits the steam dragon.
The steam dragon is lightly wounded.
The steam dragon breathes steam at you. The ball of steam misses you.
The steam dragon bites you but does no damage.
The steam dragon barely misses you. The steam dragon bites you.
The steam dragon closely misses you.
Aiming: Sandblast (safe; 3% risk of failure)
Press: ? - help, Q - select action, (/) - cycle Shift-Dir - straight line, f/p - steam dragon
Aim: a steam dragon (lightly wounded, 84% to hit)
You feel a surge of power!
The blast of sand hits the steam dragon!
The steam dragon is heavily wounded.
The steam dragon barely misses you.
The steam dragon claws you but does no damage.
Aiming: Sandblast (safe; 3% risk of failure)
Press: ? - help, Q - select action, (/) - cycle Shift-Dir - straight line, f/p - steam dragon
Aim: a steam dragon (heavily wounded, 84% to hit)
You feel a surge of power!
The blast of sand hits the steam dragon.
The steam dragon is heavily wounded.
The steam dragon breathes steam at you. The ball of steam hits you!!
You die...

#####..............
#..........!.#?....
####.##)##.?..........
#....#.)........##.##
#...##...#..## ##
##..#†.#.#....#..
#...#.)..#S.#..###
...#.=#)§.D##......
###.#.....>§@)..#
#.#..##....#....#
#.#..#.§..#.###
#....#§#..# #
.....#...##..
####...... .##
##########


You could see a steam dragon (catching breath).

Vanquished Creatures
  Prince Ribbit (D:5)
  3 water moccasins (D:4)
  A black bear (D:4)
  A centaur (D:6)
  A phantom (D:4)
  2 scorpions (D:5)
  A bullfrog (D:6)
  2 jellies (D:5)
  An orc priest (D:3)
  2 hounds
  An iguana (D:5)
  3 orc wizards
  7 gnolls
  5 adders
  3 white imps
  3 worms
  A dart slug (D:5)
  21 orcs
  9 ball pythons
  4 bats
  5 endoplasms
  2 giant cockroaches
  5 goblins
  4 hobgoblins
  4 jackals (D:1)
  6 quokkas
  3 frilled lizards
  5 kobolds
  5 rats
111 creatures vanquished.

Notes
Turn   | Place    | Note
-------+----------+-------------------------------------------
     0 | D:1      | ICEMaiden the Gargoyle Earth Elementalist began the quest
                  | for the Orb.
     0 | D:1      | Reached XP level 1. HP: 10/10 MP: 3/3
   184 | D:1      | Reached XP level 2. HP: 15/15 MP: 3/5
   716 | D:1      | Found a faded altar of an unknown god.
   988 | D:2      | Learned a level 2 spell: Passwall
   991 | D:2      | Learned a level 2 spell: Call Imp
   998 | D:2      | Reached XP level 3. HP: 20/20 MP: 2/6
  1396 | D:2      | Reached XP level 4. HP: 24/24 MP: 7/7
  1900 | D:3      | Found a snail-covered altar of Cheibriados.
  1956 | D:3      | Reached skill level 1 in Transmutations
  1963 | D:3      | Reached skill level 1 in Conjurations
  1963 | D:3      | Reached skill level 4 in Earth Magic
  1976 | D:3      | Found a glowing silver altar of Zin.
  2158 | D:3      | Identified the +0 ring mail of the Ward {+Blink +Inv}
  2172 | D:3      | Reached skill level 1 in Fighting
  2644 | D:3      | Reached skill level 1 in Ice Magic
  2644 | D:3      | Reached skill level 1 in Air Magic
  2644 | D:3      | Reached skill level 1 in Poison Magic
  2644 | D:3      | Reached XP level 5. HP: 26/29 MP: 3/8
  2925 | D:3      | Found a snail-covered altar of Cheibriados.
  2940 | D:3      | Found a glowing silver altar of Zin.
  3259 | D:4      | Noticed a black bear
  3273 | D:4      | Killed a black bear
  3274 | D:4      | Reached skill level 1 in Summonings
  3290 | D:4      | Reached skill level 1 in Armour
  3290 | D:4      | Reached XP level 6. HP: 26/34 MP: 0/9
  3330 | D:4      | Found a sacrificial altar of Ru.
  3679 | D:4      | Found Wukymoh's Serpentskin Sales.
  3679 | D:4      | Noticed a water moccasin
  3679 | D:4      | Noticed a water moccasin
  3679 | D:4      | Noticed a water moccasin
  3686 | D:4      | Killed a water moccasin
  3687 | D:4      | Reached XP level 7. HP: 26/40 MP: 6/10
  3703 | D:4      | Gained mutation: Your flesh is cold resistant. (rC+)
                  | [potion of mutation]
  3703 | D:4      | Gained mutation: You have a pair of small antennae on your
                  | head. [potion of mutation]
  3703 | D:4      | Gained mutation: Your muscles are strong. (Str +4, Int/Dex
                  | -1) [potion of mutation]
  4092 | D:5      | Entered Level 5 of the Dungeon
  4467 | D:5      | Found a radiant altar of Vehumet.
  4472 | D:5      | Became a worshipper of Vehumet
  4494 | D:5      | Reached XP level 8. HP: 45/45 MP: 7/11
  4596 | D:5      | Noticed Prince Ribbit
  4614 | D:5      | Found a broken altar of Ashenzari.
  4621 | D:5      | Killed Prince Ribbit
  4622 | D:5      | Reached skill level 5 in Earth Magic
  4622 | D:5      | Reached skill level 1 in Evocations
  4719 | D:5      | Found a stormy altar of Qazlal.
  5011 | D:5      | Found Uppeuxink's Distillery.
  5019 | D:5      | Bought a potion of lignification for 39 gold pieces
  5019 | D:5      | Bought a potion of curing for 39 gold pieces
  5019 | D:5      | Bought a potion of curing for 39 gold pieces
  5019 | D:5      | Bought a potion of heal wounds for 65 gold pieces
  5364 | D:5      | Found a burning altar of Makhleb.
  5603 | D:6      | Found a staircase to the Ecumenical Temple.
  5648 | Temple   | Entered the Ecumenical Temple
  5758 | D:6      | Killed from afar by a steam dragon

Illustrated notes

Levels and vault maps discovered:
D:1:      erik_arrival_orb_chamber, layout_basic, serial_curves, eino_curves_01,
          eino_curves_03, eino_curves_03, chequers_ecumenical_altar_island
D:2:      layout_basic
D:3:      layout_loops_ring, zin_scriptorium, mainiacjoe_overflow_cross_hatched
D:4:      layout_gridville, nicolae_ru_great_annihilating_truth,
          portal_sewer_entry_f, guppyfry_shop_venom
D:5:      layout_basic, nicolae_qazlal_scattered_showers,
          mainiacjoe_overflow_brackets, lightli_temple_of_fire,
          kennysheep_little_box, serial_shops, shop, uniq_prince_ribbit1
D:6:      layout_rooms, mainiacjoe_overflow_alcove_1,
          minmay_temple_entry_mini_moons, minmay_misc_feat_tower
D:7:      layout_loops_ring, mainiacjoe_overflow_paths,
          mainiacjoe_overflow_24_doors
Temple:   nicolae_temple_superstar

Skill      XL: |  1  2  3  4  5  6  7  8 |
---------------+-------------------------+-----
Dodging        | 2 3 |  3.1
Transmutations | 1 |  1.8
Conjurations   | 1 2 3 |  3.3
Earth Magic    | 4 5 |  5.3
Fighting       | 1 2 3 |  3.3
Ice Magic      | 1 2 |  2.9
Air Magic      | 1 2 |  2.3
Poison Magic   | 1 2 |  2.7
Summonings     | 1 2 |  2.6
Armour         | 1 2 |  2.7
Stealth        | 3 |  3.2
Evocations     | 1 |  1.2
Spellcasting   | |  2.6

Action                   |  1- 3 |  4- 6 |  7- 9 || total
-------------------------+-------+-------+-------++-------
Melee: Dagger            |     3 |       |       ||     3
       Short sword       |     5 |       |       ||     5
       Trident           |    15 |    47 |    42 ||   104
       Punch             |       |     1 |       ||     1
       Staff             |       |       |     4 ||     4
Throw: Javelin           |       |       |     3 ||     3
 Cast: Sandblast         |    39 |    57 |    89 ||   185
       Call Imp          |       |       |     1 ||     1
       Passwall          |       |       |     1 ||     1
Evoke: Wand              |       |     3 |     4 ||     7
  Use: Scroll            |       |     4 |       ||     4
       Potion            |       |       |     3 ||     3
 Stab: Sleeping          |     1 |     3 |       ||     4
       Paralysed         |       |     5 |       ||     5
Armor: Robe              |    14 |     4 |       ||    18
       Ring mail         |       |    37 |    75 ||   112
Dodge: Dodged            |    16 |    52 |    75 ||   143

Table legend: (Time is in decaauts)
 A = Elapsed time spent in this place.
 B = Non-inter-level travel time spent in this place.
 C = Inter-level travel time spent in this place.
 D = Time resting spent in this place.
 E = Time spent auto-exploring this place.
 F = Levels seen in this place.
 G = Mean time per level.
                   A        B        C        D        E       F      G
               +--------+--------+--------+--------+--------+-----+--------+
         Total |   5903 |   5471 |    432 |    463 |   3685 |   8 |  737.9 |
       Dungeon |   5809 |   5388 |    421 |    463 |   3682 |   7 |  829.9 |
        Temple |     94 |     83 |     11 |      0 |      3 |   1 |   94.0 |
               +--------+--------+--------+--------+--------+-----+--------+

Top non-repeatable levels by time:
     D:3: 1441 daAuts
     D:5: 1438 daAuts
     D:4: 1005 daAuts
     D:1: 972 daAuts
     D:2: 862 daAuts
  Temple: 94 daAuts
     D:6: 87 daAuts
     D:7: 1 daAuts
